 Dungeon Crawl Stone Soup version 0.16.1-4-g8e1b745 (webtiles) character file.

818 Radiman the Cudgeler (level 7, 0/57 HPs)
             Began as a Centaur Fighter on Mar 26, 2015.
             Slain by Duvessa
             ... wielding a +0 short sword
              (4 damage)
             ... on level 5 of the Dungeon.
             The game lasted 00:27:33 (4697 turns).

Radiman the Cudgeler (Centaur Fighter)              Turns: 4697, Time: 00:27:33

Health: 0/57       AC:  7    Str: 20    XL:     7   Next: 62%
Magic:  5/5        EV:  5    Int:  7    God:
Gold:   134        SH: 10    Dex:  9    Spells: 0 memorised, 6 levels left

rFire  . . .     SeeInvis .     a - +0 flail
rCold  . . .     Clarity  .     b - +0 scale mail
rNeg   . . .     SustAb   .     r - +2 shield {rPois}
rPois  +         Gourm    .     (no helmet)
rElec  .         Spirit   .     z - +0 cloak
rCorr  .         Warding  .     (no gloves)
rMut   .         Stasis   .     (no barding)
MR     .....                    s - amulet of rage
Stlth  ..........               (no ring)
                                t - ring of flight

@: about to teleport, very quick, not resistant to hostile enchantments,
extremely unstealthy
A: hooves 3, deformed body, speed 2, tough skin 3
a: Evoke Berserk Rage, Evoke Flight


You were on level 5 of the Dungeon.
You were not hungry.

You visited 1 branch of the dungeon, and saw 6 of its levels.

You collected 249 gold pieces.
You spent 115 gold pieces at shops.

Inventory:

Hand weapons
 a - a +0 flail (weapon)
Armour
 b - a +0 scale mail (worn)
 c - a +0 shield
 r - a +2 shield of poison resistance (worn)
 z - a +0 cloak (worn)
Jewellery
 s - an amulet of rage (around neck)
 t - a ring of flight (left hand)
Magical devices
 w - a wand of paralysis (9)
Scrolls
 f - 2 scrolls of amnesia
 g - 5 scrolls of teleportation
 j - 4 scrolls of fog
 k - 3 scrolls of remove curse
 l - 2 scrolls of recharging
 o - a scroll of enchant weapon
 x - 2 scrolls of identify
 y - a scroll of vulnerability {unknown}
 A - a scroll of enchant armour {unknown}
Potions
 e - a potion of might
 h - a potion of cure mutation
 i - a potion of lignification {unknown}
 m - 4 potions of curing {unknown}
 p - a potion of ambrosia {unknown}
 q - a potion of haste {unknown}
 v - a potion of cancellation {unknown}
Comestibles
 d - 6 bread rations
 n - 3 meat rations
 u - 11 fruits


   Skills:
 - Level 3.2 Fighting
 * Level 7.8 Maces & Flails
 - Level 2.2 Armour
 + Level 0.4 Stealth
 - Level 2.3 Shields


You had 6 spell levels left.
You didn't know any spells.

Dungeon Overview and Level Annotations

Branches:
Dungeon (6/15)
 Temple: D:4-7

Altars:
Kikubaaqudgha

Shops:
D:4 *

Annotations:
D:4 Eustachio
D:5 Duvessa


Innate Abilities, Weirdness & Mutations

You have hooves in place of feet.
Armour fits poorly on your strangely shaped body.
You cover ground very quickly.
You have extremely tough skin (AC +3).


Message History

You are too injured to fight recklessly!
You are too injured to fight recklessly!
You are too injured to fight recklessly!
You are too injured to fight recklessly!
You are too injured to fight recklessly!
You block Duvessa's attack. You block Duvessa's attack.
Duvessa hits you with a short sword!
* * * LOW HITPOINT WARNING * * *
There is a stone staircase leading up, spattered with blood here.
Duvessa hits you with a short sword.
* * * LOW HITPOINT WARNING * * *
You climb upwards.
There is a stone staircase leading down here.
As you read the scroll of teleportation, it crumbles to dust.
You feel strangely unstable. Duvessa barely misses you.
Duvessa hits you with a short sword.
* * * LOW HITPOINT WARNING * * *
Duvessa hits you with a short sword.
You die...

.#
#.##.#.###.########.####.....
.# #.##...#...## #.# ######
.# #)####..###.# #.###
.####.......# #.# #...#
.......####.###.# ###.#
######.## ##...## #.# ##..<##
###.# #.# ####.#.#.### #.####
#.# ...........# #..@.#
#.##### ####.#.#.#.# ####e#
#.....### # ##...##.# #.#
#####.##. # ##.###.# #.#
#.##. # ##.# #.# #.# #.... #
#>.# #.# #.# ######. # ##.##
#.# #.# #...[.. ####...###.#
#.# #.####. ...........# #.#
#.# #.


You could see Duvessa (berserk).

Vanquished Creatures
  A phantom (D:4)
  A giant frog (D:6)
  A scorpion (D:5)
  A wyvern zombie (D:4)
  Dowan (D:6)
  A hound (D:4)
  An iguana (D:5)
  A giant frog skeleton (D:5)
  8 worker ants
  Robin (D:4)
  A giant mite (D:4)
  10 adders
  A shadow imp (D:5)
  3 worms
  2 giant geckos
  2 oozes
  2 orcs
  A bat skeleton (D:5)
  4 giant cockroaches
  23 goblins
  7 hobgoblins
  12 kobolds
  4 quokkas
  A ball python (D:6)
  7 bats
  4 giant newts
  13 jackals
  A quokka skeleton (D:4)
  11 rats
126 creatures vanquished.

Notes
Turn   | Place    | Note
--------------------------------------------------------------
     0 | D:1      | Radiman, the Centaur Fighter, began the quest for the Orb.
     0 | D:1      | Reached XP level 1. HP: 19/19 MP: 1/1
   473 | D:1      | Reached XP level 2. HP: 12/26 MP: 2/2
  1141 | D:2      | Reached XP level 3. HP: 20/31 MP: 3/3
  1484 | D:2      | Reached XP level 4. HP: 20/38 MP: 3/3
  1977 | D:3      | Found an ancient bone altar of Kikubaaqudgha.
  2317 | D:3      | Reached skill level 4 in Maces & Flails
  2496 | D:4      | Reached XP level 5. HP: 35/45 MP: 4/4
  2565 | D:4      | Noticed Eustachio
  2618 | D:4      | Reached skill level 5 in Maces & Flails
  2811 | D:4      | Found Miocs' Assorted Antiques.
  2831 | D:4      | Bought a scroll of identify for 46 gold pieces
  2832 | D:4      | Bought a scroll of remove curse for 69 gold pieces
  2917 | D:4      | Reached XP level 6. HP: 18/51 MP: 5/5
  3117 | D:4      | Noticed Robin
  3124 | D:4      | Killed Robin
  3310 | D:4      | Reached skill level 6 in Maces & Flails
  3412 | D:4      | Noticed a phantom
  3470 | D:4      | Killed a phantom
  3543 | D:5      | Entered Level 5 of the Dungeon
  3596 | D:5      | Reached XP level 7. HP: 19/57 MP: 5/5
  4090 | D:5      | Reached skill level 7 in Maces & Flails
  4619 | D:6      | Noticed Duvessa
  4619 | D:6      | Noticed Dowan
  4657 | D:6      | Killed Dowan
  4697 | D:5      | Slain by Duvessa

Action                   |  1- 3 |  4- 6 |  7- 9 || total
-------------------------+-------+-------+-------++-------
Melee: Flail             |   110 |   227 |   108 ||   445
  Use: Scroll            |     3 |     3 |     2 ||     8
  Eat: Meat ration       |     1 |       |       ||     1
       Bread ration      |       |     1 |       ||     1
